 Dungeon Crawl Stone Soup version 0.27.1-33-g824d729ab1 (webtiles) character file.

Game seed: 6748842467490162216

91 MisterFreud the Chopper (level 4, -10/39 HPs)
             Began as a Hill Orc Abyssal Knight on Dec 19, 2021.
             Was a Believer of Lugonu.
             Mangled by an ogre (20 damage)
             ... on level 4 of the Dungeon.
             The game lasted 00:04:15 (3115 turns).

MisterFreud the Chopper (Hill Orc Abyssal Knight)   Turns: 3115, Time: 00:04:16

Health: -10/39     AC:  5    Str: 15    XL:     4   Next: 59%
Magic:  5/5        EV: 10    Int: 12    God:    Lugonu [**....]
Gold:   20         SH:  5    Dex: 10    Spells: 3/3 levels left

rFire    . . .     SeeInvis .   a - +1 hand axe
rCold    . . .     Faith    .   (no shield)
rNeg     . . .     Spirit   .   j - +0 ring mail
rPois    .         Reflect  +   (no helmet)
rElec    .         Harm     .   (no cloak)
rCorr    .         Rampage  .   (no gloves)
Will     .....                  (no boots)
Stlth    ..........             i - amulet of reflection
HPRegen  0.13/turn              (no ring)
MPRegen  0.09/turn              (no ring)

@: very slightly contaminated, invisible
A: no striking features
a: Renounce Religion, Depart the Abyss, Bend Space


You were on level 4 of the Dungeon.
You worshipped Lugonu.
Lugonu was pleased with you.
You visited 1 branch of the dungeon, and saw 5 of its levels.
You visited the Abyss 1 time.

You collected 125 gold pieces.
You spent 105 gold pieces at shops.

Inventory:

Hand Weapons
 a - a +1 hand axe (weapon)
Missiles
 f - 13 poisoned darts
 s - 41 stones
Armour
 b - a +0 leather armour
 j - a +0 ring mail (worn)
Jewellery
 i - an amulet of reflection (around neck)
Scrolls
 c - a scroll of teleportation
 d - a scroll of immolation {unknown}
 l - 3 scrolls of fog
 m - a scroll of amnesia {unknown}
 n - a scroll of fear
 o - a scroll of noise {unknown}
 r - 2 scrolls of identify {unknown}
 t - a scroll of blinking {unknown}
 w - a scroll of enchant armour {unknown}
 x - a scroll of silence {unknown}
Potions
 e - a potion of might {unknown}
 g - a potion of flight {unknown}
 h - a potion of degeneration {unknown}
 k - a potion of resistance {unknown}
 p - a potion of haste {unknown}
 q - 2 potions of invisibility
 u - a potion of cancellation {unknown}
 v - a potion of ambrosia {unknown}


   Skills:
 - Level 3.6 Fighting
 * Level 6.2 Axes
 - Level 2.1 Armour
 - Level 0.7 Dodging
 - Level 2.4 Invocations


You had 3 spell levels left.
You didn't know any spells.
Your spell library contained the following spells:

 Spells                   Type           Power      Damage    Failure   Level
 Dazzling Flash           Conj/Hex       0%         N/A       88%         3
 Agony                    Necr           0%         N/A       100%        5
 Fireball                 Conj/Fire      0%         3d3       100%        5
 Iskenderun's Battlesphe  Conj           0%         2d6       100%        5
 Silence                  Hex/Air        0%         N/A       100%        5
 Conjure Ball Lightning   Conj/Air       0%         3x3d6     100%        6
 Orb of Destruction       Conj           0%         N/A       100%        7


Dungeon Overview and Level Annotations

Branches:
Dungeon (5/15)
 Temple: D:4-7

Altars:

Shops:
D:3 (*(?(   D:4 *


Message History

An orc wizard comes into view. It is wielding a +0 dagger.
The iguana hisses menacingly.
An orc priest comes into view. It is wielding a +0 hand axe.
Found 18 gold pieces.
The orc wizard shouts!
An orc comes into view. It is wielding a +0 club.
Your surroundings suddenly seem different.
An adder and an ogre come into view.
Found 16 gold pieces.
The ogre shouts!
The adder hisses angrily.
The orc moves out of view.
Unknown command.
The ogre hits you with a +0 giant club!!
The adder bites you but does no damage. The adder barely misses you.
A phantom comes into view.
Found an escape hatch in the ceiling.
There is an escape hatch in the ceiling here.
You can't go down here!
You block the ogre's attack. A mysterious force pulls you upwards.
The hatch slams shut behind you.
Found a hand axe and 14 gold pieces.
It was a potion of invisibility.
You fade into invisibility!
The ogre closely misses you.
You are very lightly contaminated with residual magic.
You slash the ogre!
The ogre is moderately wounded.
The ogre hits you with a +0 giant club!
* * * LOW HITPOINT WARNING * * *
You hit the ogre.
The ogre is moderately wounded.
You hit the ogre.
The ogre is heavily wounded.
The ogre closely misses you.
You slash the ogre!
The ogre is severely wounded.
The ogre hits you with a +0 giant club!!
Ouch! That really hurt!
You die...

#.# #.......≈...
#.####.###.≈..∩.
#..........§≈...
#.####.##..§.≈)§
#.# #.##....)≈.
###.#
#.##...####
#...#
#.##.......
#O###
#.###.##.## #@#
#.###.# . #.#
.#.... # #.#
......## #.#
........ ###
..(...##
.......)
##.#####
##.[.####
.........


You could see an ogre.

Vanquished Creatures
  2 adders
  A worm (D:2)
  A dart slug (D:1)
  An orc (D:4)
  9 ball pythons
  7 endoplasms
  3 giant cockroaches
  5 goblins
  4 hobgoblins
  3 quokkas
  8 bats
  3 frilled lizards
  6 kobolds
  A quokka skeleton (D:4)
  7 rats
61 creatures vanquished.

Notes
Turn   | Place    | Note
-------+----------+-------------------------------------------
     0 | Abyss:1  | MisterFreud the Hill Orc Abyssal Knight began the quest for
                  | the Orb.
     0 | Abyss:1  | Reached XP level 1. HP: 19/19 MP: 2/2
     4 | Abyss:1  | Found a corrupted altar of Lugonu.
    28 | Abyss:1  | Noticed a thrashing horror
    29 | D:1      | Escaped the Abyss
    96 | D:1      | Found a faded altar of an unknown god.
   103 | D:1      | Reached skill level 3 in Axes
   309 | D:1      | Reached XP level 2. HP: 17/26 MP: 3/3
   498 | D:1      | Reached skill level 4 in Axes
   626 | D:1      | Reached * piety under Lugonu
   942 | D:1      | Reached XP level 3. HP: 31/31 MP: 4/4
  1708 | D:2      | Reached skill level 5 in Axes
  2104 | D:2      | Reached XP level 4. HP: 39/39 MP: 5/5
  2233 | D:3      | Found Ulybysy's Magic Scroll Boutique.
  2240 | D:3      | Found Hiufasy's Weapon Emporium.
  2245 | D:3      | Reached ** piety under Lugonu
  2310 | D:3      | Reached skill level 6 in Axes
  2347 | D:3      | Bought a scroll of fog for 20 gold pieces
  2347 | D:3      | Bought a scroll of fear for 35 gold pieces
  2416 | D:3      | Found Cuganuf's Assorted Antiques.
  2604 | D:3      | Found Wosumuzy's Antique Weapon Shoppe.
  2611 | D:3      | Found Kezaips's Weapon Shoppe.
  2986 | D:4      | Found Yzarir's Assorted Antiques.
  3040 | D:4      | Bought a scroll labelled UDUGUITIPP for 25 gold pieces
  3040 | D:4      | Bought a scroll labelled ULIR JEAGRIDIS for 25 gold pieces
  3067 | D:5      | Entered Level 5 of the Dungeon
  3067 | D:5      | Noticed a black bear
  3075 | D:5      | Noticed an ogre
  3084 | D:5      | Noticed a phantom
  3115 | D:4      | Mangled by an ogre

Illustrated notes

Levels and vault maps discovered:
D:1:      dpeg_arrival_round_a, layout_basic,
          chequers_ecumenical_altar_simple_redux
D:2:      layout_rooms, minmay_pentomino_t4
D:3:      layout_rooms, serial_shops, shop,
          nicolae_shop_competitors_out_of_business, nicolae_diamond_shop,
          nicolae_shop_statue_plus, shop_fountains, nrook_campfire
D:4:      layout_loops_ring, vehumet_statue, serial_shops, nicolae_diamond_shop,
          minmay_goblin_kobold_house
D:5:      layout_cave_pools, cheibriados_altar_1, cheibrodos_sewer_entry_bend,
          nicolae_shop_self_help

Skill      XL: |  1  2  3  4 |
---------------+-------------+-----
Axes           | 3 4 5 6 |  6.2
Fighting       | |  3.6
Armour         | |  2.1
Dodging        | |  0.7
Invocations    | |  2.4

Action                   |  1- 3 |  4- 6 || total
-------------------------+-------+-------++-------
Melee: Hand axe          |   112 |    61 ||   173
Invok: Depart the Abyss  |     1 |       ||     1
  Use: Scroll            |       |     2 ||     2
       Potion            |       |     1 ||     1
Armor: Leather armour    |    21 |       ||    21
       Ring mail         |     4 |    23 ||    27
Dodge: Dodged            |    55 |    23 ||    78
Block: Other             |     5 |    13 ||    18
